 Dungeon Crawl Stone Soup version 0.27-a0-419-g7a85846853 (webtiles) character file.

Game seed: 3303586667095259089

515 Chiseanne the Skirmisher (level 7, 45/59 HPs)
             Began as a Demonspawn Wanderer on Feb 26, 2021.
             Quit the game on level 5 of the Dungeon.
             The game lasted 00:05:44 (5244 turns).

Chiseanne the Skirmisher (Demonspawn Wanderer)      Turns: 5244, Time: 00:05:45

Health: 45/59      AC: 17    Str: 13    XL:     7   Next: 0%
Magic:  7/7        EV:  7    Int: 13    God:
Gold:   273        SH:  4    Dex: 14    Spells: 6/6 levels left

rFire    . . .     SeeInvis .   a - +2 mace (protect)
rCold    . . .     Faith    .   (no shield)
rNeg     . . .     Spirit   .   h - +1 chain mail
rPois    .         Reflect  .   (helmet restricted)
rElec    .         Harm     +   e - scarf {harm}
rCorr    .         Rampage  .   (no gloves)
Will     .....                  (no boots)
Stlth    ..........             (no amulet)
HPRegen  0.19/turn              (no ring)
MPRegen  0.10/turn              (no ring)

@: protection aura
A: antennae 1, demonic guardian 2, condensation shield
a: no special abilities


You were on level 5 of the Dungeon.
You visited 1 branch of the dungeon, and saw 5 of its levels.

You collected 273 gold pieces.

Inventory:

Hand Weapons
 a - a +2 mace of protection (weapon)
 w - a +0 vorpal hunting sling
Missiles
 b - 4 javelins (quivered)
 d - 9 bolts
 f - 33 sling bullets
 i - 79 stones
 l - 41 arrows
 r - 8 poisoned darts
Armour
 e - a scarf of harm (worn)
 h - a +1 chain mail (worn)
Jewellery
 k - a +4 ring of protection
 n - a +4 ring of protection
Wands
 t - a wand of flame (18)
Scrolls
 c - 4 scrolls of teleportation
 m - 4 scrolls of enchant armour
 q - a scroll of magic mapping
 u - a scroll of enchant weapon
 y - a scroll of fog
Potions
 g - a potion of mutation
 j - 3 potions of magic
 o - a potion of brilliance
 p - a potion of ambrosia {unknown}


   Skills:
 * Level 6.6 Fighting
 - Level 1.0 Throwing
 * Level 3.5 Armour
 * Level 4.2 Dodging
 - Level 1.7 Stealth


You had 6 spell levels left.
You didn't know any spells.
Your spell library was empty.

Dungeon Overview and Level Annotations

Branches:
Dungeon (5/15)
 Temple: D:4-7

Altars:

Annotations:
D:5 1 transporter


Innate Abilities, Weirdness & Mutations

You have a pair of small antennae on your head.
A demonic guardian rushes to your aid.
A meltable shield of frost defends you. (SH +4)


Message History

A bullfrog comes into view.
The bullfrog hits you but does no damage.
You closely miss the bullfrog. You block the bullfrog's attack.
The bullfrog hits you but does no damage.
You completely miss the bullfrog. You block the bullfrog's attack.
The bullfrog barely misses you.
You miss the bullfrog. The bullfrog barely misses you. The bullfrog hits you.
You miss the bullfrog. The bullfrog completely misses you.
The bullfrog closely misses you. The bullfrog hits you.
You thump the bullfrog!
Your weapon exudes an aura of protection.
The bullfrog is heavily wounded.
The bullfrog completely misses you.
The bullfrog hits you but does no damage.
You hit the bullfrog.
The bullfrog is severely wounded.
The bullfrog hits you but does no damage.
The bullfrog closely misses you.
You hit the bullfrog.
The bullfrog is severely wounded.
The bullfrog hits you but does no damage. x2
You barely miss the bullfrog.
The bullfrog is severely wounded.
The bullfrog barely misses you. x2
You hit the bullfrog.
The bullfrog is almost dead.
The bullfrog closely misses you. The bullfrog hits you.
You barely miss the bullfrog.
The bullfrog is almost dead.
The bullfrog completely misses you. The bullfrog barely misses you.
You hit the bullfrog but do no damage.
The bullfrog is almost dead.
You block the bullfrog's attack. The bullfrog hits you.
You hit the bullfrog.
You kill the bullfrog!
You have reached level 7!
Your demonic ancestry asserts itself...
A pair of antennae grows on your head!
Unknown command.
Are you sure you want to abandon this character and quit the game? (Confirm with "yes".)

.........# .........
########## .........
.........#
...................#
...$....#..........#
#######.#..........#
.....©#†#..........#
.....Z#@#..........#####
.###..#.#...............
.#8#..#.#.#######'######
.....$#...# #.#
..©...!?#©..# #.#
.......#..## #.######
#.#8#..#.## #......#
.###!###..#.# ######.#
..........#.# ####'#


You could see a worker ant zombie.

Vanquished Creatures
  A bullfrog (D:5)
  A jelly (D:5)
  2 hounds
  Natasha (twice) (D:2)
  A worker ant (D:5)
  3 gnolls (D:4)
  8 adders
  A white imp (D:5)
  2 worms (D:2)
  5 leopard geckos
  4 bats
  4 giant cockroaches
  3 goblins
  5 hobgoblins
  2 jackals (D:5)
  A quokka (D:3)
  2 ball pythons
  6 frilled lizards
  6 kobolds
  2 rats (D:2)
61 creatures vanquished.

Vanquished Creatures (collateral kills)
  An ogre (D:4)
  Natasha (D:2)
  A worker ant (D:5)
  An adder (D:2)
  A worm (D:3)
  A leopard gecko (D:3)
  A giant cockroach (D:1)
  2 jackals (D:5)
9 creatures vanquished.

Grand Total: 70 creatures vanquished

Notes
Turn   | Place    | Note
-------+----------+-------------------------------------------
     0 | D:1      | Chiseanne the Demonspawn Wanderer began the quest for the
                  | Orb.
     0 | D:1      | Chiseanne set off with the following items: a +2 spear, a
                  | +0 short sword, a scroll of teleportation, a +0 robe, a +0
                  | dagger
     0 | D:1      | Reached XP level 1. HP: 21/21 MP: 1/1
   308 | D:1      | Gained mutation: A weak demonic guardian rushes to your
                  | aid. [demonic ancestry]
   308 | D:1      | Reached XP level 2. HP: 26/27 MP: 2/2
   930 | D:2      | Reached skill level 1 in Armour
  1234 | D:2      | Gained mutation: A meltable shield of frost defends you.
                  | (SH +4) [demonic ancestry]
  1234 | D:2      | Reached XP level 3. HP: 33/33 MP: 3/3
  1726 | D:2      | Reached XP level 4. HP: 39/39 MP: 4/4
  1803 | D:2      | Noticed Natasha
  1808 | D:2      | Killed Natasha
  1984 | D:2      | Noticed Natasha
  2004 | D:2      | Killed Natasha
  2126 | D:2      | Noticed Natasha
  2144 | D:2      | Killed Natasha
  2145 | D:2      | Reached XP level 5. HP: 24/46 MP: 5/5
  3316 | D:4      | Noticed an ogre
  3329 | D:4      | Killed an ogre
  3330 | D:4      | Reached skill level 6 in Fighting
  3330 | D:4      | Gained mutation: A demonic guardian rushes to your aid.
                  | [demonic ancestry]
  3330 | D:4      | Reached XP level 6. HP: 4/52 MP: 6/6
  3713 | D:4      | Identified the +2 dagger "Bumal" {drain, Dex+2}
  4653 | D:5      | Entered Level 5 of the Dungeon
  5223 | D:5      | Found a transporter.
  5244 | D:5      | Gained mutation: You have a pair of small antennae on your
                  | head. [demonic ancestry]
  5244 | D:5      | Reached XP level 7. HP: 45/59 MP: 7/7
  5244 | D:5      | Quit the game

Illustrated notes

Levels and vault maps discovered:
D:1:      co_arrival_square_in_a_square_in_a_square, layout_basic
D:2:      layout_basic, grunt_ministairs_14, moated_statue, minmay_between,
          uniq_natasha
D:3:      layout_loops_ring, hex_tiny
D:4:      layout_basic
D:5:      layout_basic, gammafunk_ghost_mausoleum, kennysheep_nondescript,
          hangedman_decor_clover_reticule, zaba_anthole

Skill      XL: |  1  2  3  4  5  6 |
---------------+-------------------+-----
Dodging        | 2 3 4 |  4.2
Armour         | 1 2 3 |  3.5
Fighting       | 6 |  6.6
Throwing       | |  1.0
Stealth        | |  1.7

Action                   |  1- 3 |  4- 6 |  7- 9 || total
-------------------------+-------+-------+-------++-------
Melee: Spear             |    66 |       |       ||    66
       Mace              |    40 |   189 |       ||   229
 Fire: Hunting sling     |       |     6 |       ||     6
Throw: Javelin           |       |     2 |       ||     2
       Stone             |       |     1 |       ||     1
  Use: Scroll            |     4 |     7 |       ||    11
       Potion            |       |     1 |       ||     1
 Stab: Sleeping          |     2 |       |       ||     2
Armor: Chain mail        |    60 |   192 |       ||   252
Dodge: Dodged            |    32 |   106 |       ||   138
Block: Other             |     8 |    45 |       ||    53

Table legend: (Time is in decaauts)
 A = Elapsed time spent in this place.
 B = Non-inter-level travel time spent in this place.
 C = Inter-level travel time spent in this place.
 D = Time resting spent in this place.
 E = Time spent auto-exploring this place.
 F = Levels seen in this place.
 G = Mean time per level.
                   A        B        C        D        E       F      G
               +--------+--------+--------+--------+--------+-----+--------+
         Total |   5347 |   5237 |    110 |    802 |   3779 |   5 | 1069.4 |
       Dungeon |   5347 |   5237 |    110 |    802 |   3779 |   5 | 1069.4 |
               +--------+--------+--------+--------+--------+-----+--------+

Top non-repeatable levels by time:
     D:2: 1722 daAuts
     D:4: 1409 daAuts
     D:1: 873 daAuts
     D:3: 723 daAuts
     D:5: 618 daAuts
